 Seeded DCSS version 0.31-a0-626-g8143ab4f1d (webtiles) character file.

Game seed: 12485923201681380469 (custom seed)

2606 innerfire43 the Grappler (level 9, 0/66 (70) HPs)
             Began as a Gnoll Shapeshifter on Aug 24, 2023.
             Was a Priest of Cheibriados.
             Slain by a kobold
             ... wielding a +0 dagger
              (1 damage)
             ... on level 7 of the Dungeon.
             The game lasted 00:06:59 (5483 turns).

innerfire43 the Grappler (Gnoll Shapeshifter)       Turns: 5483, Time: 00:06:59

HP:   0/66 (70)     AC: 12    Str: 29    XL:     9   Next: 59%
MP:   17/17         EV: 18    Int: 22    God:    Cheibriados [***...]
Gold: 392           SH:  0    Dex: 26    Spells: 19/19 levels left

rFire   . .          .
                       - Unarmed
rCold   . . .        (shield currently unavailable)
rNeg    . . .        m - +4 ring mail
rPois   .            t - +0 helmet
rElec   .            (no cloak)
rCorr   .            G - +0 pair of gloves
SInv    .            (no boots)
Will    .....        (no amulet)
Stlth   ++           h - +6 ring of strength
HPRegen 0.31/turn    g - +6 ring of dexterity
MPRegen 0.15/turn

%: no passive effects
@: lethally poisoned (0 -> -2), flux-form, glowing, drained, very slow
A: glow, contaminating, fangs 1, strong nose, distributed training, clever 1,
wild magic 1, no potion heal 1
a: Begin Untransformation, Renounce Religion, Bend Time, Temporal Distortion


You were on level 7 of the Dungeon.
You worshipped Cheibriados.
Cheibriados was most pleased with you.
You were something dangerously unstable.
You visited 1 branch of the dungeon, and saw 7 of its levels.
You also visited: Sewer.

You collected 392 gold pieces.

Inventory:

Hand Weapons
 H - a +5 battleaxe
Missiles
 p - a throwing net
Armour
 a - a +0 animal skin
 m - a +4 ring mail (worn)
 t - a +0 helmet (worn)
 G - a +0 pair of gloves (worn)
Jewellery
 g - a +6 ring of dexterity (right hand)
 h - a +6 ring of strength (left hand)
 C - a +6 ring of intelligence
 J - a ring of fire
Talismans
 c - a beast talisman
 d - a flux talisman (active)
Wands
 u - a wand of light (12)
 v - a wand of iceblast (8)
 F - a wand of digging (8)
Scrolls
 f - 2 scrolls of vulnerability {unknown}
 i - 3 scrolls of enchant weapon {unknown}
 j - 5 scrolls of teleportation {unknown}
 k - 4 scrolls of amnesia {unknown}
 o - 2 scrolls of revelation {unknown}
 q - a scroll of enchant armour {unknown}
 r - 2 scrolls of fog {unknown}
 x - 3 scrolls of immolation {unknown}
 y - 3 scrolls of identify {unknown}
 E - a scroll of fear {unknown}
Potions
 b - a potion of lignification
 e - 3 potions of enlightenment {unknown}
 l - 2 potions of brilliance {unknown}
 n - 2 potions of might {unknown}
 s - 2 potions of degeneration {unknown}
 w - a potion of curing {unknown}
 z - 3 potions of haste


   Skills:
 + Level 6.3 Fighting
 + Level 5.7 Short Blades
 + Level 5.7 Long Blades
 + Level 5.7 Axes
 + Level 5.7 Maces & Flails
 + Level 5.7 Polearms
 + Level 5.7 Staves
 + Level 5.7 Ranged Weapons
 + Level 5.7 Throwing
 + Level 5.7 Armour
 + Level 7.4 Dodging
 + Level 5.7 Stealth
 + Level 5.7 Shields
 + Level 8.8 Unarmed Combat
 + Level 5.7 Spellcasting
 + Level 4.7 Conjurations
 + Level 4.7 Hexes
 + Level 4.7 Summonings
 + Level 4.7 Necromancy
 + Level 4.7 Translocations
 + Level 4.7 Transmutations
 + Level 4.7 Fire Magic
 + Level 4.7 Ice Magic
 + Level 4.7 Air Magic
 + Level 4.7 Earth Magic
 + Level 4.7 Poison Magic
 + Level 6.2 Invocations
 + Level 5.7 Evocations
 + Level 8.4 Shapeshifting


You had 19 spell levels left.
You didn't know any spells.
Your spell library contained the following spells:

 Spells                   Type           Power      Damage    Failure   Level
 Slow                     Hex            100%       N/A       3%          1
 Blink                    Tloc           70%        N/A       5%          2
 Lesser Beckoning         Tloc           70%        N/A       5%          2
 Momentum Strike          Conj/Tloc      70%        3d9       5%          2
 Confusing Touch          Hex            35%        N/A       10%         3
 Vampiric Draining        Necr           35%        2d8       10%         3
 Manifold Assault         Tloc           35%        N/A       26%         4


Dungeon Overview and Level Annotations

Branches:
Dungeon (7/15)             Temple (0/1) D:6           Sewer (visited)

Altars:
Cheibriados
Elyvilon
Hepliaklqana
Kikubaaqudgha
Ru
Wu Jian
Xom
Zin


Innate Abilities, Weirdness & Mutations

You are something dangerously unstable.
You glow with magical radiation, making you easy to see and hit.
Foes you strike become dangerously contaminated with magical radiation.
You are incapable of wielding weapons or throwing items.
You have very sharp teeth.
Your uncanny sense of smell can sniff out nearby items.
Your experience applies equally to all skills.
Your mind is acute. (Int +4, Str/Dex -1)
Your spells are a little harder to cast, but a little more powerful.
Potions are less effective at restoring your health.


Message History

You feel much better.
You feel sick.
The kobold brigand completely misses you.
It was a potion of magic.
Magic courses through your body.
You feel sick.
The kobold brigand hits you with a +0 short sword.
* * * LOW HITPOINT WARNING * * *
It was a potion of cancellation.
Your magical effects are unravelling.
You feel magically purged.
You feel yourself speed up.
You feel yourself slow down.
You feel sick. The kobold brigand closely misses you.
You hit the kobold brigand.
The kobold brigand begins to glow.
You bite the kobold brigand.
The kobold brigand is lightly wounded.
You feel sick. The kobold closely misses you.
You hit the kobold brigand.
The kobold brigand glows dangerously bright.
The kobold brigand is moderately wounded.
You feel sick.
The kobold brigand hits you with a +0 short sword.
* * * LOW HITPOINT WARNING * * *
You hit the kobold brigand but do no damage.
The kobold brigand shudders as magic cascades through it!!
The kobold brigand twists and deforms.
The kobold brigand is almost dead.
The kobold closely misses you.
The kobold brigand hits you but does no damage.
Unknown command.
You barely miss the kobold brigand.
The kobold brigand is almost dead.
* * * LOW HITPOINT WARNING * * *
You feel sick.
The kobold brigand hits you with a +0 short sword.
* * * LOW HITPOINT WARNING * * *
Unknown command.
You punch the kobold brigand!
You kill the kobold brigand!
Cheibriados appreciates the change of pace.
Cheibriados raises the support of your attributes as your movement slows.
The kobold hits you with a +0 dagger.
You die...

.### #.....# #.# ...##
#.....# #.#
##..######### #.#
##....## #.#
####..###### #.#
##......# #.#
#######.###.####### ..
..........KK....... ..
..........#B#######..
..........#)###.....#
.......)..KK##KK###.####
..........#.#KKK........
..........#.#.#.........
..........#>..#.K.......
..........#####)....$...
### #.........
...........


You could see 4 kobolds.

Vanquished Creatures
  2 ice beasts
  An ogre (D:5)
  2 centaurs
  A phantom (D:7)
  3 kobold brigands (D:7)
  5 scorpions
  8 wights (D:7)
  A jelly (D:6)
  2 hounds
  An iron imp (D:3)
  2 orc priests
  A gnoll bouda (D:6)
  2 iguanas (D:6)
  2 sleepcaps
  Terence (D:2)
  3 orc wizards
  A hell rat (Sewer)
  Robin (D:3)
  7 gnolls (D:6)
  2 river rats (Sewer)
  3 adders
  A shadow imp (D:5)
  A white imp (D:5)
  An ufetubus (D:5)
  A worm (D:2)
  A dart slug (D:3)
  20 orcs
  5 endoplasms
  6 giant cockroaches
  19 hobgoblins
  17 kobolds
  5 quokkas
  5 ball pythons
  5 bats
  A frilled lizard (D:2)
  14 goblins
  11 rats
164 creatures vanquished.

Notes
Turn   | Place    | Note
-------+----------+-------------------------------------------
     0 | D:1      | innerfire43 the Gnoll Shapeshifter began the quest for the
                  | Orb.
     0 | D:1      | Reached XP level 1. HP: 17/17 MP: 1/1
   150 | D:1      | Reached XP level 2. HP: 9/23 MP: 2/2
   577 | D:1      | Reached XP level 3. HP: 26/28 MP: 3/3
   784 | D:2      | Reached skill level 1 in Invocations
   892 | D:2      | Noticed Terence
   899 | D:2      | Killed Terence
   900 | D:2      | Reached skill level 1 in Short Blades
   900 | D:2      | Reached skill level 1 in Long Blades
   900 | D:2      | Reached skill level 1 in Axes
   900 | D:2      | Reached skill level 1 in Maces & Flails
   900 | D:2      | Reached skill level 1 in Polearms
   900 | D:2      | Reached skill level 1 in Staves
   900 | D:2      | Reached skill level 1 in Ranged Weapons
   900 | D:2      | Reached skill level 1 in Throwing
   900 | D:2      | Reached skill level 1 in Armour
   900 | D:2      | Reached skill level 1 in Stealth
   900 | D:2      | Reached skill level 1 in Shields
   900 | D:2      | Reached skill level 1 in Spellcasting
   900 | D:2      | Reached skill level 1 in Evocations
   900 | D:2      | Reached XP level 4. HP: 21/34 MP: 5/5
  1555 | D:3      | Reached skill level 1 in Conjurations
  1555 | D:3      | Reached skill level 1 in Hexes
  1555 | D:3      | Reached skill level 1 in Summonings
  1555 | D:3      | Reached skill level 1 in Necromancy
  1555 | D:3      | Reached skill level 1 in Translocations
  1555 | D:3      | Reached skill level 1 in Transmutations
  1555 | D:3      | Reached skill level 1 in Fire Magic
  1555 | D:3      | Reached skill level 1 in Ice Magic
  1555 | D:3      | Reached skill level 1 in Air Magic
  1555 | D:3      | Reached skill level 1 in Earth Magic
  1555 | D:3      | Reached skill level 1 in Poison Magic
  1728 | D:3      | Noticed Robin
  1750 | D:3      | Reached XP level 5. HP: 32/40 MP: 5/7
  1777 | D:3      | Killed Robin
  1963 | D:3      | Found a snail-covered altar of Cheibriados.
  1974 | D:3      | Became a worshipper of Cheibriados the Contemplative
  1997 | D:3      | Found a faded altar of an unknown god.
  2167 | D:3      | Found an ornate altar of the Wu Jian Council.
  2167 | D:3      | Found a glowing silver altar of Zin.
  2334 | D:4      | Reached XP level 6. HP: 41/47 MP: 8/8
  2388 | D:4      | Reached skill level 5 in Dodging
  2541 | D:4      | Found an ancient bone altar of Kikubaaqudgha.
  2683 | D:4      | Reached * piety under Cheibriados
  2723 | D:4      | Found a white marble altar of Elyvilon.
  2889 | D:5      | Entered Level 5 of the Dungeon
  2895 | D:5      | Reached XP level 7. HP: 47/52 MP: 10/10
  2938 | D:5      | Reached skill level 5 in Fighting
  2938 | D:5      | Reached skill level 5 in Short Blades
  2938 | D:5      | Reached skill level 5 in Long Blades
  2938 | D:5      | Reached skill level 5 in Axes
  2938 | D:5      | Reached skill level 5 in Maces & Flails
  2938 | D:5      | Reached skill level 5 in Polearms
  2938 | D:5      | Reached skill level 5 in Staves
  2938 | D:5      | Reached skill level 5 in Ranged Weapons
  2938 | D:5      | Reached skill level 5 in Throwing
  2938 | D:5      | Reached skill level 5 in Armour
  2938 | D:5      | Reached skill level 5 in Stealth
  2938 | D:5      | Reached skill level 5 in Shields
  2938 | D:5      | Reached skill level 5 in Spellcasting
  2938 | D:5      | Reached skill level 5 in Invocations
  2938 | D:5      | Reached skill level 5 in Evocations
  2938 | D:5      | Reached XP level 8. HP: 64/64 MP: 10/15
  2941 | D:5      | Identified a scroll of acquirement
  2941 | D:5      | Acquired a +6 ring of dexterity
  3297 | D:5      | Found a hazy altar of Hepliaklqana.
  3366 | D:5      | Found a glowing drain.
  3388 | Sewer    | Entered a sewer
  3664 | D:5      | Found a sacrificial altar of Ru.
  3780 | D:5      | Found a shimmering altar of Xom.
  3952 | D:6      | Found a staircase to the Ecumenical Temple.
  4021 | D:6      | Reached ** piety under Cheibriados
  4308 | D:6      | Reached XP level 9. HP: 46/69 MP: 17/17
  5188 | D:7      | Reached *** piety under Cheibriados
  5474 | D:7      | Gained mutation: Your spells are a little harder to cast,
                  | but a little more powerful. [potion of mutation]
  5474 | D:7      | Gained mutation: Potions are less effective at restoring
                  | your health. [potion of mutation]
  5474 | D:7      | Gained mutation: Your mind is acute. (Int +4, Str/Dex -1)
                  | [potion of mutation]
  5475 | D:7      | HP: 3/66 [poisoned by a kobold brigand (curare-tipped
                  | dart)]
  5480 | D:7      | HP: 3/66 [kobold brigand/+0 short sword (5)]
  5482 | D:7      | HP: 1/66 [kobold brigand/+0 short sword (2)]
  5483 | D:7      | Slain by a kobold

Illustrated notes

Levels and vault maps discovered:
D:1:      lightli_arrival_maybe_door_vault, layout_rooms, kennysheep_nondescript
D:2:      layout_basic, uniq_terence
D:3:      layout_rooms, slow_altar_2, nicolae_overflow_two_pavilions,
          shapermc_ecumenical_altar_hornbeckon, guppyfry_early_lair_pool,
          uniq_robin
D:4:      layout_rooms, mainiacjoe_overflow_six_doors_small,
          mainiacjoe_overflow_alcove_4
D:5:      layout_basic, nicolae_overflow_hidden_temple,
          worldfamousw_hep_ancestral_shrine, nicolae_ru_awakened_eye,
          cheibrodos_sewer_entry_drain, nrook_mini_backslash
D:6:      layout_loops_corners, minmay_temple_entry_statues_fountains
D:7:      cheibrodos_quashed, layout_basic

Skill      XL: |  1  2  3  4  5  6  7  8  9 |
---------------+----------------------------+-----
Invocations    | 1 2 5 6 |  6.2
Short Blades   | 1 2 5 |  5.7
Long Blades    | 1 2 5 |  5.7
Axes           | 1 2 5 |  5.7
Maces & Flails | 1 2 5 |  5.7
Polearms       | 1 2 5 |  5.7
Staves         | 1 2 5 |  5.7
Ranged Weapons | 1 2 5 |  5.7
Throwing       | 1 2 5 |  5.7
Armour         | 1 2 5 |  5.7
Stealth        | 1 2 5 |  5.7
Shields        | 1 2 5 |  5.7
Spellcasting   | 1 2 5 |  5.7
Evocations     | 1 2 5 |  5.7
Conjurations   | 1 4 |  4.7
Hexes          | 1 4 |  4.7
Summonings     | 1 4 |  4.7
Necromancy     | 1 4 |  4.7
Translocations | 1 4 |  4.7
Transmutations | 1 4 |  4.7
Fire Magic     | 1 4 |  4.7
Ice Magic      | 1 4 |  4.7
Air Magic      | 1 4 |  4.7
Earth Magic    | 1 4 |  4.7
Poison Magic   | 1 4 |  4.7
Fighting       | 3 5 6 |  6.3
Dodging        | 5 7 |  7.4
Unarmed Combat | 8 |  8.8
Shapeshifting  | 8 |  8.4

Action                     |  1- 3 |  4- 6 |  7- 9 || total
---------------------------+-------+-------+-------++-------
  Melee: Unarmed           |    85 |   167 |   232 ||   484
         Bite              |     7 |    12 |    27 ||    46
    Use: Potion            |       |       |     6 ||     6
         Scroll            |       |       |     3 ||     3
   Stab: Sleeping          |       |       |     2 ||     2
 Armour: Animal skin       |     6 |       |       ||     6
         Ring mail         |       |    62 |    68 ||   130
  Dodge: Dodged            |    60 |   101 |   201 ||   362
   Form: Flux              |     1 |       |       ||     1

Table legend: (Time is in decaauts)
 A = Elapsed time spent in this place.
 B = Non-inter-level travel time spent in this place.
 C = Inter-level travel time spent in this place.
 D = Time resting spent in this place.
 E = Time spent auto-exploring this place.
 F = Levels seen in this place.
 G = Mean time per level.
                   A        B        C        D        E       F      G
               +--------+--------+--------+--------+--------+-----+--------+
         Total |   6538 |   6251 |    287 |      0 |   5091 |   8 |  817.2 |
       Dungeon |   6360 |   6073 |    287 |      0 |   4972 |   7 |  908.6 |
         Sewer |    178 |    178 |      0 |      0 |    118 |   1 |  178.0 |
               +--------+--------+--------+--------+--------+-----+--------+

Top non-repeatable levels by time:
     D:6: 1501 daAuts
     D:5: 1085 daAuts
     D:2: 921 daAuts
     D:3: 814 daAuts
     D:4: 751 daAuts
     D:7: 674 daAuts
     D:1: 612 daAuts
   Sewer: 178 daAuts
